 Dungeon Crawl Stone Soup version 0.31-a0-564-g3b7de120b3 (webtiles) character file.

Game seed: 12647626462499070530

126 heikuro the Shield-Bearer (level 5, -3/42 HPs)
             Began as a Formicid Fighter on Aug 18, 2023.
             Was a Believer of Jiyva.
             Slain by a gnoll
             ... wielding a +0 spear
              (5 damage)
             ... on level 3 of the Dungeon.
             The game lasted 00:04:40 (1603 turns).

heikuro the Shield-Bearer (Formicid Fighter)        Turns: 1603, Time: 00:04:41

Health: -3/42      AC:  7    Str: 23    XL:     5   Next: 32%
Magic:  5/5        EV:  9    Int:  7    God:    Jiyva [**....]
Gold:   75         SH:  5    Dex: 13    Spells: 4/4 levels left

rFire   . . .        a - +0 war axe
rCold   . . .        c - +0 buckler
rNeg    . . .        b - +0 scale mail
rPois   .            (helmet unavailable)
rElec   .            (no cloak)
rCorr   +            (no gloves)
SInv    +            (no boots)
Will    .....        (no amulet) Stlth
                     (no ring)
HPRegen 1.23/turn    (no ring)
MPRegen 0.39/turn

%: no passive effects
@: no status effects
A: permanent stasis, dig shafts and tunnels, antennae 3, four strong arms
a: Dig, Shaft Self, Renounce Religion


You were on level 3 of the Dungeon.
You worshipped Jiyva.
Jiyva was pleased with you.
You visited 1 branch of the dungeon, and saw 3 of its levels.

You collected 75 gold pieces.

Inventory:

Hand Weapons
 a - a +0 war axe (weapon)
Missiles
 k - 4 atropa-tipped darts
 l - 3 poisoned darts
Armour
 b - a +0 scale mail (worn)
 c - a +0 buckler (worn)
Scrolls
 f - 4 scrolls of identify {unknown}
 h - a scroll of amnesia {unknown}
Potions
 d - a potion of might
 e - 2 potions of magic {unknown}
 g - a potion of resistance {unknown}
 i - a potion of invisibility {unknown}
 j - a potion of haste {unknown}


   Skills:
 + Level 4.0 Fighting
 * Level 3.5 Axes
 + Level 4.0 Armour
 + Level 4.8 Shields


You had 4 spell levels left.
You didn't know any spells.
Your spell library contained the following spells:

 Spells                   Type           Power      Damage    Failure   Level
 Shock                    Conj/Air       0%         1d3       80%         1
 Sting                    Tmut/Pois      0%         1d3       80%         1
 Poisonous Vapours        Pois/Air       0%         N/A       91%         2
 Olgreb's Toxic Radiance  Pois           0%         N/A       100%        4


Dungeon Overview and Level Annotations

Branches:
Dungeon (3/15)

Altars:
Okawaru
Jiyva


Innate Abilities, Weirdness & Mutations

You cannot be hasted, slowed, berserked, paralysed or teleported.
You can dig through walls and to a lower floor.
You have a pair of large antennae on your head. (SInv)
Your four strong arms can wield two-handed weapons with a shield.


Message History

You hit the gnoll but do no damage. The gnoll hits you with a +0 flail.
You barely miss the gnoll. x2; The gnoll hits you with a +0 flail.
You block the gnoll's attack. The gnoll barely misses you.
The gnoll hits you with a +0 flail. The gnoll hits you with a +0 flail!
The gnoll barely misses you.
Unknown command.
You barely miss the gnoll. You hit the gnoll.
The gnoll hits you with a +0 flail. The gnoll hits you but does no damage.
The gnoll hits you with a +0 flail.
Unknown command.
You closely miss the gnoll. You hit the gnoll. The gnoll completely misses you.
The gnoll closely misses you. The gnoll hits you with a +0 flail!
Unknown command.
You hit the gnoll.
The gnoll is moderately wounded.
You closely miss the gnoll. You block the gnoll's attack.
The gnoll completely misses you. The gnoll barely misses you.
The gnoll hits you but does no damage. x2; The gnoll barely misses you.
Unknown command.
You slash the gnoll!
The gnoll is almost dead.
You hit the gnoll. The gnoll hits you but does no damage.
The gnoll hits you from afar with a +0 spear.
You block the gnoll's attack.
Unknown command.
You closely miss the gnoll.
The gnoll is almost dead.
You barely miss the gnoll. You block the gnoll's attack.
The gnoll hits you from afar with a +0 spear.
* * * LOW HITPOINT WARNING * * *
The gnoll hits you with a +0 flail.
* * * LOW HITPOINT WARNING * * *
You barely miss the gnoll.
The gnoll is almost dead.
You hit the gnoll but do no damage. The gnoll barely misses you.
The gnoll hits you with a +0 flail.
* * * LOW HITPOINT WARNING * * *
The gnoll hits you but does no damage.
The gnoll hits you from afar with a +0 spear.
You die...

#.###### #..# #.#
#.## #.# #.# #.#
#.# #.# #.# #.#
#.# #.# ##.##
####.#
#...####..g@#
#.....#.....###g#
#####...##.##
##g# ##.###.#
..., .J. #.# .###
#### ##. ## #


You could see 3 gnolls.

Vanquished Creatures
  2 orc wizards (D:3)
  Robin (D:3)
  An adder (D:2)
  A worm (D:2)
  A dart slug (D:2)
  3 orcs (D:3)
  An endoplasm (D:1)
  3 giant cockroaches
  8 goblins
  4 hobgoblins
  5 kobolds
  2 quokkas (D:1)
  6 ball pythons
  2 bats (D:1)
  4 frilled lizards
  6 rats
50 creatures vanquished.

Vanquished Creatures (others)
  An adder (D:3)
  A giant cockroach (D:3)
  2 goblins (D:3)
  2 hobgoblins (D:3)
  A ball python (D:3)
  A frilled lizard (D:3)
  A kobold (D:3)
9 creatures vanquished.

Grand Total: 59 creatures vanquished

Notes
Turn   | Place    | Note
-------+----------+-------------------------------------------
     0 | D:1      | heikuro the Formicid Fighter began the quest for the Orb.
     0 | D:1      | Reached XP level 1. HP: 18/18 MP: 1/1
   190 | D:1      | Reached XP level 2. HP: 24/24 MP: 2/2
   706 | D:2      | Reached XP level 3. HP: 29/29 MP: 3/3
   948 | D:2      | Found a faded altar of an unknown god.
   953 | D:2      | Got Plato's Excursus on the Missiles
   956 | D:2      | Prayed at the altar of an unknown god.
   956 | D:2      | Became a worshipper of Jiyva Janem the Shapeless
   956 | D:2      | Reached * piety under Jiyva
  1386 | D:3      | Found an iron altar of Okawaru.
  1400 | D:3      | Reached XP level 4. HP: 21/37 MP: 4/4
  1402 | D:3      | Reached XP level 5. HP: 27/42 MP: 5/5
  1484 | D:3      | Reached ** piety under Jiyva
  1517 | D:3      | Noticed Robin
  1524 | D:3      | Killed Robin
  1603 | D:3      | HP: 2/42 [gnoll/+0 flail (4)]
  1603 | D:3      | Slain by a gnoll

Illustrated notes

Levels and vault maps discovered:
D:1:      noname_arrival_rooms_in_the_neighbourhood, layout_loops_cross,
          kennysheep_small_spiral, nrook_mini_vaults
D:2:      layout_basic, shapermc_ecumenical_altar_rom_forum
D:3:      layout_loops_ring, okawaru_metal_pillars_3, patterned_corridor,
          uniq_robin

Skill      XL: |  1  2  3  4  5 |
---------------+----------------+-----
Axes           | 3 |  3.5
Armour         | 4 |  4.0
Fighting       | 4 |  4.0
Shields        | |  4.8

Action                     |  1- 3 |  4- 6 || total
---------------------------+-------+-------++-------
  Melee: War axe           |    92 |    40 ||   132
 Armour: Scale mail        |    33 |    23 ||    56
  Dodge: Dodged            |    39 |    20 ||    59
  Block: Buckler           |    18 |    10 ||    28

Table legend: (Time is in decaauts)
 A = Elapsed time spent in this place.
 B = Non-inter-level travel time spent in this place.
 C = Inter-level travel time spent in this place.
 D = Time resting spent in this place.
 E = Time spent auto-exploring this place.
 F = Levels seen in this place.
 G = Mean time per level.
                   A        B        C        D        E       F      G
               +--------+--------+--------+--------+--------+-----+--------+
         Total |   1653 |   1558 |     95 |      0 |   1105 |   3 |  551.0 |
       Dungeon |   1653 |   1558 |     95 |      0 |   1105 |   3 |  551.0 |
               +--------+--------+--------+--------+--------+-----+--------+

Top non-repeatable levels by time:
     D:1: 749 daAuts
     D:2: 643 daAuts
     D:3: 260 daAuts
